 Dungeon Crawl Stone Soup version 0.31-a0-233-g139696dc86 (webtiles) character file.

Game seed: 6985197714861340543

151026 Iniera the Stickfighter (level 18, -1/133 HPs)
             Began as a Human Monk on July 8, 2023.
             Was the Champion of Hepliaklqana.
             Hit by a silver javelin thrown by a merfolk javelineer (11 damage)
             ... on level 3 of the Shoals.
             The game lasted 00:42:59 (25360 turns).

Iniera the Stickfighter (Human Monk)               Turns: 25360, Time: 00:43:00

Health: -1/133     AC: 24    Str: 15    XL:     18   Next: 17%
Magic:  0/23       EV: 20    Int: 16    God:    Hepliaklqana [******]
Gold:   873        SH:  0    Dex: 20    Spells: 17/17 levels left

rFire   . . .        P - +5 glaive of the Guard {elec, spectral, AC+5}
rCold   . . .        (shield currently unavailable)
rNeg    + . .        h - +2 ring mail of the Nine Xeniums {Regen+ Int+5 Slay+3}
rPois   .            W - +1 helmet {SInv}
rElec   .            Q - +2 cloak {Will+}
rCorr   +            l - +0 pair of gloves
SInv    +            L - +0 pair of boots
Will    +....        R - amulet of guardian spirit
Stlth   +            N - ring "Gatzopt" {rN+ Will- rCorr Slay+3 SInv}
HPRegen 1.22/turn    V - ring of flight
MPRegen 0.18/turn

%: guardian spirit
@: engulfed (cannot breathe), flying, mesmerised
A: reduced essence
a: Renounce Religion, Recall Ancestor, Ancestor Identity, Transference, Idealise


You were on level 3 of the Shoals.
You worshipped Hepliaklqana.
Hepliaklqana was exalted by your worship.
You visited 5 branches of the dungeon, and saw 26 of its levels.
You also visited: Gauntlet and Volcano.

You collected 2619 gold pieces.
You spent 1746 gold pieces at shops.

Inventory:

Hand Weapons
 P - the +5 glaive of the Guard (weapon) {elec, spectral, AC+5}
   (You found it on level 12 of the Dungeon)

   AC:        It affects your AC (+5).
Missiles
 j - 26 poisoned darts (quivered)
 z - 9 curare-tipped darts
 K - 2 throwing nets
 T - 8 silver javelins
Armour
 h - the +2 ring mail of the Nine Xeniums (worn) {Regen+ Int+5 Slay+3}
   (You bought it in a shop on level 1 of the Orcish Mines)

   Int:       It affects your intelligence (+5).
   Slay:      It affects your accuracy & damage with ranged weapons and melee
   (+3).
   Regen:     It increases your rate of health regeneration.
 l - a +0 pair of gloves (worn)
 L - a +0 pair of boots (worn)
 Q - a +2 cloak of willpower (worn)
 W - a +1 helmet of see invisible (worn)
Jewellery
 w - a ring of willpower
 N - the ring "Gatzopt" (left hand) {rN+ Will- rCorr Slay+3 SInv}
   (You bought it in a shop on level 2 of the Orcish Mines)

   [ring of see invisible]

   Slay:      It affects your accuracy & damage with ranged weapons and melee
   (+3).
   rN:        It protects you from negative energy.
   SInv:      It lets you see invisible.
   rCorr:     It protects you from acid and corrosion.
   Will:      It decreases your willpower.
 R - an amulet of guardian spirit (around neck)
 S - a +4 ring of slaying
 V - a ring of flight (right hand)
Wands
 a - a wand of flame (27)
 r - a wand of light (11)
 u - a wand of paralysis (28)
 F - a wand of iceblast (15)
 J - a wand of mindburst (7)
 O - a wand of polymorph (5)
Scrolls
 c - 11 scrolls of identify
 f - 5 scrolls of fog
 g - a scroll of vulnerability
 n - 5 scrolls of blinking
 q - 6 scrolls of teleportation
 y - 2 scrolls of enchant weapon
 B - a scroll of revelation
 C - 4 scrolls of immolation
 G - 2 scrolls of poison
 I - 2 scrolls of silence
Potions
 b - 5 potions of enlightenment
 d - a potion of heal wounds
 e - 4 potions of curing
 i - 6 potions of resistance
 m - 2 potions of cancellation
 o - 4 potions of magic
 p - 2 potions of brilliance
 t - 5 potions of attraction
 v - 2 potions of haste
 A - 7 potions of mutation
 D - 2 potions of ambrosia
 E - 4 potions of lignification
 H - a potion of invisibility
 M - 2 potions of might


   Skills:
 + Level 14.8 Fighting
 - Level 3.0(7.4) Axes
 * Level 10.7(14.8) Polearms
 - Level 16.0(17.2) Staves
 - Level 13.5 Armour
 + Level 13.9 Dodging
 - Level 7.0 Invocations
 - Level 5.0 Evocations


You had 17 spell levels left.
You didn't know any spells.
Your spell library contained the following spells:

 Spells                   Type           Power      Damage    Failure   Level
 Blink                    Tloc           0%         N/A       52%         2
 Cigotuvi's Dreadful Rot  Necr/Pois/Air  0%         N/A       52%         2
 Ensorcelled Hibernation  Hex/Ice        0%         N/A       52%         2
 Lesser Beckoning         Tloc           0%         N/A       52%         2
 Momentum Strike          Conj/Tloc      0%         3d8       52%         2
 Passwall                 Tmut/Erth      0%         N/A       52%         2
 Static Discharge         Conj/Air       0%         2-2/arc   52%         2
 Dazzling Flash           Conj/Hex       0%         N/A       77%         3
 Gell's Gravitas          Tloc           0%         N/A       77%         3
 Hailstorm                Conj/Ice       0%         3d3       77%         3
 Ozocubu's Armour         Ice            0%         N/A       77%         3
 Swiftness                Air            0%         N/A       77%         3
 Teleport Other           Tloc           0%         N/A       77%         3
 Airstrike                Air            0%         2d(0-16)  99%         4
 Cause Fear               Hex            0%         N/A       99%         4
 Dispel Undead            Necr           0%         3d6       99%         4
 Ice Form                 Ice/Tmut       0%         N/A       99%         4
 Summon Lightning Spire   Summ/Air       0%         N/A       99%         4
 Agony                    Necr           0%         N/A       100%        5
 Metabolic Englaciation   Hex/Ice        0%         N/A       100%        5
 Silence                  Hex/Air        0%         N/A       100%        5
 Death Channel            Necr           0%         N/A       100%        6
 Simulacrum               Ice/Necr       0%         N/A       100%        6
 Dragon Form              Tmut           0%         N/A       100%        7
 Ozocubu's Refrigeration  Ice            0%         4d7       100%        7
 Dragon's Call            Summ           0%         N/A       100%        9
 Polar Vortex             Ice            0%         N/A       100%        9


Dungeon Overview and Level Annotations

Branches:
Dungeon (15/15)            Temple (1/1) D:4            Lair (5/5) D:10
 Shoals (3/4) Lair:2       Spider (0/4) Lair:3        Slime (0/5) Lair:5
    Orc (2/2) D:9             Elf (0/3) Orc:2        Vaults (0/5) D:13
 Depths (0/4) D:15        Volcano (visited)         Gauntlet (visited)

Altars:
Ashenzari
Cheibriados
Dithmenos
Elyvilon
Fedhas
Gozag
Hepliaklqana
Kikubaaqudgha
Makhleb
Nemelex Xobeh
Okawaru
Qazlal
Ru
Sif Muna
Trog
Uskayaw
Vehumet
Wu Jian
Xom
Yredelemnul
Zin
The Shining One

Shops:
D:7 =   D:14 =   Orc:1 **!   Orc:2 *((=   Shoals:3 **

Annotations:
D:14 1 transporter
Lair:2 3 runed translucent doors, quinnr's ghost, journeyman TeCj
Lair:3 2 transporters, olmar's ghost, journeyman AtFi
Shoals:3 Ilsuiw
Abyss:1 Duvessa


Message History

The merfolk misses you. The water elemental closely misses you.
The merfolk javelineer shouts!
You slice the water elemental!!
The water elemental is heavily damaged.
Your +5 glaive of the Guard {elec, spectral, AC+5} hits the water elemental!!
You destroy the water elemental!
The water elemental disappears in a puff of smoke!
* * * LOW HITPOINT WARNING * * *
Your lungs strain for air!
The merfolk siren chants its luring song.
The merfolk completely misses you. The merfolk closely misses you.
The water elemental hits you!
* * * LOW HITPOINT WARNING * * *
You cannot read scrolls while unable to breathe!
You feel much better.
Your +5 glaive of the Guard {elec, spectral, AC+5} disappears.
* * * LOW HITPOINT WARNING * * *
Your lungs strain for air!
Ilsuiw is no longer blind.
The merfolk siren chants its luring song.
The merfolk javelineer throws a silver javelin.
The silver javelin pierces through Ilsuiw.
The silver javelin pierces through you.
* * * LOW HITPOINT WARNING * * *
x2 The merfolk closely misses you.
The water elemental hits you.
The merfolk hits you but does no damage.
Ilsuiw gestures wildly while chanting.
Reach: P) +5 glaive of the Guard {elec, spectral, AC+5}
Press: ? - help, Dir - move target, f - Ilsuiw
Aim: Ilsuiw, wielding a +1 trident of freezing and wearing a +0 robe (lightly wounded, slightly transparent, about 39% to evade the +5 glaive of the Guard)
You reach to attack!
You closely miss Ilsuiw.
Ilsuiw is lightly wounded.
Your +5 glaive of the Guard {elec, spectral, AC+5} hits Ilsuiw but does no damage.
* * * LOW HITPOINT WARNING * * *
Your lungs strain for air!
The merfolk siren chants its luring song.
The merfolk closely misses you. The water elemental misses you.
The merfolk javelineer throws a silver javelin.
The silver javelin pierces through you!
You die...

~~~≈~~~~~~~~~^~.
~≈~~~~~~~~~~>~~..
~≈≈)~~~~~~~~~~~..
~≈≈~~~~E~~~~~..##..~~~~~
~~~~m~E~~~~~~...#..~~~~~
~~~~~..mm~.~~~~....~~~~~
~~~~.m()E....~.....~~~~~
#m@.)........~~~~~~
~~.####..###.##.~~~≈≈~
~~~~~$...###...†~~~≈≈≈
>~~.............~≈≈≈≈≈
~~~..........††#.~≈≈≈≈
~~~~~~~.....#.###P~P~≈
~~~~~~..........P.~..~
~~~..................P
~~........††....~...P~


You could see Ilsuiw (invisible), a merfolk javelineer, 2 merfolk, 3 water
elementals, a merfolk siren (mesmerising) and a friendly +5 glaive of the Guard
{elec, spectral, AC+5}.

Vanquished Creatures
  Jorgrun (Shoals:1)
  A deep elf sorcerer (Shoals:2)
  A frost giant (D:12)
  A balrug (Gauntlet)
  A stone giant (D:15)
  A minotaur (Gauntlet)
  2 ettins
  6 merfolk impalers
  3 hydras
  A merfolk avatar (Shoals:2)
  2 catoblepae
  Erica (D:10)
  2 ogre magi
  A boulder beetle (D:12)
  A merfolk aquamancer (Shoals:2)
  4 tengu warriors
  9 centaur warriors
  A deep troll earth mage (D:12)
  An orc high priest (Orc:2)
  12 two-headed ogres
  Sonja (D:13)
  2 sun demons (Volcano)
  A deep elf knight (Shoals:2)
  4 sea snakes
  6 skysharks
  14 skeletal warriors
  2 deep elf archers (Shoals:2)
  A lindwurm (Lair:5)
  Pikel (D:4)
  A wizard (D:15)
  13 harpies
  A deep elf pyromancer (D:12)
  A necromancer (D:13)
  10 ugly things
  A wolf spider zombie (D:14)
  2 oklob plants
  9 manticores
  6 fauns
  2 centaur zombies (D:14)
  7 black mambas
  4 elephants
  4 merfolk sirens
  2 gargoyles
  2 smoke demons (Volcano)
  Maggie (D:8)
  An orange demon (D:11)
  10 cane toads
  An unseen horror (D:12)
  6 komodo dragons
  A freezing wraith (D:15)
  3 rime drakes
  An efreet (D:12)
  An ice devil (Gauntlet)
  A yaktaur (D:15)
  4 polar bears
  A red devil (D:11)
  3 trolls (Orc:1)
  4 meliai
  2 wind drakes (Shoals:1)
  2 hornets (Lair:5)
  Prince Ribbit (D:9)
  8 merfolk
  5 dream sheep
  12 blink frogs
  6 slime creatures
  A centaur simulacrum (D:15)
  4 snapping turtles
  9 spriggans (Lair:5)
  2 water elementals
  4 hogs (Lair:5)
  A vampire (D:11)
  27 yaks
  5 wraiths
  4 wyverns
  A chaos spawn (D:10)
  3 steam dragons (Volcano)
  4 basilisks
  2 redbacks (Lair:3)
  10 vampire mosquitoes
  A warg (Orc:1)
  An acid dragon (D:13)
  12 water moccasins
  3 hell hounds
  7 orc warriors
  A meliai simulacrum (D:14)
  4 black bears
  A sky beast (D:7)
  21 ogres
  4 boggarts
  23 wolves
  6 centaurs
  A necrophage (D:8)
  9 bullfrogs
  2 scorpions
  11 wights
  3 killer bees (D:7)
  A howler monkey (D:5)
  4 electric eels
  A quasit (D:11)
  3 hounds
  5 jellies
  2 gnoll boudas
  9 orc priests
  Crazy Yiuf (D:2)
  Jessica (D:2)
  An iguana (D:5)
  3 orc wizards
  2 sleepcaps
  6 hell rats (Lair:1)
  A hound skeleton (D:8)
  Robin (D:2)
  10 gnolls
  14 river rats (Lair:1)
  11 adders
  2 white imps (Gauntlet)
  A worm (D:3)
  44 orcs
  7 endoplasms
  3 giant cockroaches
  15 goblins
  5 hobgoblins
  5 quokkas
  7 ball pythons
  4 bats
  9 kobolds
  10 rats
598 creatures vanquished.

Vanquished Creatures (collateral kills)
  Kirke (Lair:5)
  Snorg (Lair:5)
  An ettin (Orc:2)
  A hydra (D:13)
  2 two-headed ogres
  3 ogre magi (Orc:2)
  Nergalle (Orc:1)
  2 sun demons (Volcano)
  An iron troll (D:13)
  Amaemon (D:8)
  2 skeletal warriors (D:13)
  A deep elf archer (Shoals:2)
  A sea snake (Shoals:1)
  A harpy (Shoals:1)
  2 deep elf pyromancers
  4 fauns (Shoals:1)
  An ugly thing (D:14)
  A manticore (Shoals:1)
  4 elephants
  Maurice (D:12)
  A merfolk siren (Shoals:3)
  2 black mambas
  An orange demon (D:8)
  A rust devil (D:11)
  3 cane toads
  A kobold demonologist (D:12)
  An efreet (D:15)
  4 komodo dragons
  An ice devil (D:11)
  2 polar bears (Lair:5)
  A wind drake (Shoals:1)
  3 merfolk
  2 hornets (Lair:5)
  A blink frog (Lair:4)
  4 slime creatures
  5 dream sheep
  4 spriggans (Lair:5)
  A water elemental (Shoals:1)
  A vampire (D:9)
  12 yaks
  3 wraiths
  2 wyverns (D:10)
  3 basilisks
  Grum (D:8)
  A steam dragon (D:5)
  3 vampire mosquitoes
  2 wargs (Orc:2)
  An acid dragon (D:11)
  A hell hound (Volcano)
  8 water moccasins
  An ice beast (D:6)
  3 orc warriors
  5 black bears
  6 centaurs
  A boggart (Lair:5)
  7 wolves
  9 ogres
  2 lemures (D:4)
  A gnoll sergeant (D:6)
  4 bullfrogs
  6 wights
  Dowan (D:7)
  5 jellies
  A killer bee (D:7)
  A howler monkey (D:6)
  5 electric eels
  A quasit (D:11)
  3 orc priests
  An iguana (D:5)
  4 hell rats (Lair:1)
  11 orc wizards
  6 gnolls
  4 adders
  2 river rats (Lair:1)
  A shadow imp (D:5)
  2 ufetubi
  26 orcs
  A ball python (D:4)
  3 endoplasms
  A quokka (Lair:1)
  2 rats (Lair:1)
234 creatures vanquished.

Vanquished Creatures (others)
  A molten gargoyle (Gauntlet)
  14 battlemagi
  9 spectral weapons
24 creatures vanquished.

Grand Total: 856 creatures vanquished

Notes
Turn   | Place    | Note
-------+----------+-------------------------------------------
     0 | D:1      | Iniera the Human Monk began the quest for the Orb.
     0 | D:1      | Reached XP level 1. HP: 18/18 MP: 1/1
   411 | D:1      | Reached XP level 2. HP: 16/24 MP: 2/2
   413 | D:1      | Reached skill level 1 in Armour
   680 | D:1      | Reached XP level 3. HP: 29/29 MP: 3/3
  1076 | D:2      | Noticed Jessica
  1085 | D:2      | Killed Jessica
  1086 | D:2      | Reached XP level 4. HP: 13/37 MP: 4/4
  1467 | D:2      | Reached XP level 5. HP: 40/42 MP: 5/5
  1664 | D:2      | Noticed Robin
  1682 | D:2      | Killed Robin
  2141 | D:2      | Found a runed translucent door.
  2142 | D:2      | Noticed Crazy Yiuf
  2159 | D:2      | Killed Crazy Yiuf
  2395 | D:3      | Reached XP level 6. HP: 49/49 MP: 6/6
  2440 | D:3      | Found a faded altar of an unknown god.
  3664 | D:4      | Reached skill level 1 in Invocations
  3757 | D:4      | Reached skill level 5 in Armour
  3757 | D:4      | Reached XP level 7. HP: 33/55 MP: 6/8
  3891 | D:4      | Found a staircase to the Ecumenical Temple.
  3911 | Temple   | Entered the Ecumenical Temple
  3953 | Temple   | Became a worshipper of Hepliaklqana the Forgotten
  3953 | Temple   | Reached * piety under Hepliaklqana
  3953 | Temple   | Reached ** piety under Hepliaklqana
  3954 | Temple   | Remembered your ancestor Nkonkoni as a battlemage
  4227 | D:4      | Found a shimmering blue altar of Sif Muna.
  4227 | D:4      | Noticed Pikel
  4257 | D:4      | Killed Pikel
  4258 | D:4      | Reached skill level 5 in Fighting
  4258 | D:4      | Reached XP level 8. HP: 14/57 MP: 8/10
  4448 | D:5      | Entered Level 5 of the Dungeon
  4513 | D:5      | HP: 1/57 [ogre/+0 giant club (31)]
  5148 | D:5      | Reached XP level 9. HP: 62/62 MP: 12/12
  5519 | D:6      | Reached skill level 1 in Staves
  5532 | D:6      | Found an opulent altar of Gozag.
  5558 | D:6      | Reached skill level 2 in Staves
  5627 | D:6      | Reached skill level 3 in Staves
  6116 | D:7      | Reached *** piety under Hepliaklqana
  6140 | D:7      | Reached skill level 4 in Staves
  6165 | D:7      | Found a hide-covered altar of Uskayaw.
  6348 | D:7      | Reached skill level 5 in Staves
  6555 | D:7      | Reached skill level 6 in Staves
  6701 | D:7      | Found Omeppye's Jewellery Boutique.
  6771 | D:7      | Noticed Dowan
  6772 | D:7      | Noticed Duvessa
  6776 | D:7      | Banished Duvessa
  6777 | D:7      | Reached XP level 10. HP: 67/69 MP: 13/13
  6778 | D:7      | Killed Dowan
  6796 | D:7      | Reached skill level 7 in Staves
  7116 | D:8      | Reached skill level 8 in Staves
  7130 | D:8      | Reached skill level 9 in Staves
  7444 | D:8      | Noticed Amaemon
  7444 | D:8      | Noticed an orange demon
  7459 | D:8      | Killed Amaemon
  7460 | D:8      | Reached skill level 10 in Staves
  7460 | D:8      | Killed an orange demon
  7678 | D:8      | Noticed Grum
  7684 | D:8      | Reached XP level 11. HP: 65/74 MP: 14/14
  7685 | D:8      | Reached skill level 11 in Staves
  7687 | D:8      | Killed Grum
  7792 | D:8      | Found a shimmering altar of Xom.
  8097 | D:8      | Found a burning altar of Makhleb.
  8132 | D:8      | Noticed Maggie
  8141 | D:8      | Killed Maggie
  8212 | D:8      | Found a white marble altar of Elyvilon.
  8485 | D:9      | Reached **** piety under Hepliaklqana
  8487 | D:9      | Reached skill level 12 in Staves
  8823 | D:9      | Noticed Prince Ribbit
  8826 | D:9      | Killed Prince Ribbit
  8981 | D:9      | Found a staircase to the Orcish Mines.
  9005 | D:9      | Reached skill level 13 in Staves
  9290 | D:10     | Entered Level 10 of the Dungeon
  9392 | D:10     | Found a stormy altar of Qazlal.
  9444 | D:10     | Found a staircase to the Lair.
  9472 | D:10     | Identified the +7 morningstar of Impeachment {flame, Str-5
                  | Dex+4}
  9479 | D:10     | Noticed Erica
  9493 | D:10     | Killed Erica
  9494 | D:10     | Reached skill level 14 in Staves
  9774 | D:10     | Reached XP level 12. HP: 80/80 MP: 15/15
  9774 | D:10     | Found an ancient bone altar of Kikubaaqudgha.
  9967 | D:10     | Found a sparkling altar of Nemelex Xobeh.
 10453 | D:11     | Reached skill level 15 in Staves
 10666 | D:11     | Noticed a boulder beetle
 10684 | D:11     | Banished a boulder beetle
 10685 | D:11     | Noticed a two-headed ogre
 10691 | D:11     | Killed a two-headed ogre
 11360 | Orc:1    | Entered Level 1 of the Orcish Mines
 11580 | Orc:2    | Entered Level 2 of the Orcish Mines
 11585 | Orc:2    | Reached skill level 16 in Staves
 11595 | Orc:2    | Reached skill level 5 in Invocations
 11603 | Orc:2    | Noticed an orc high priest
 11611 | Orc:2    | Killed an orc high priest
 11639 | Orc:2    | Noticed an ettin
 11649 | Orc:2    | Killed an ettin
 11844 | Orc:1    | Noticed Nergalle
 11861 | Orc:1    | Killed Nergalle
 12137 | Orc:2    | Reached XP level 13. HP: 86/86 MP: 17/17
 12171 | Orc:1    | Found Eral's Assorted Antiques.
 12318 | Orc:1    | Found Xatwen's CLEARANCE SALE!.
 12358 | Orc:1    | Bought the +2 ring mail of the Nine Xeniums {Regen+ Int+5
                  | Slay+3} for 176 gold pieces
 12400 | Orc:1    | Found Cettoc's Assorted Antiques.
 12404 | Orc:1    | Found Hygohouk's Distillery.
 12408 | Orc:1    | Bought a potion of haste for 250 gold pieces
 12408 | Orc:1    | Bought a scroll of teleportation for 75 gold pieces
 12416 | Orc:1    | Bought a potion of ambrosia for 136 gold pieces
 12416 | Orc:1    | Bought a potion of resistance for 170 gold pieces
 12416 | Orc:1    | Bought a potion of lignification for 51 gold pieces
 12416 | Orc:1    | Bought a potion of lignification for 51 gold pieces
 12458 | Orc:1    | Reached skill level 5 in Dodging
 12542 | Orc:2    | Found a staircase to the Elven Halls.
 12567 | Orc:2    | Reached ***** piety under Hepliaklqana
 12643 | Orc:2    | Found Piorakos's Antique Weapon Shop.
 12643 | Orc:2    | Found Nuseen's Jewellery Shoppe.
 12643 | Orc:2    | Noticed an ogre mage
 12643 | Orc:2    | Noticed an ogre mage
 12643 | Orc:2    | Noticed an ogre mage
 12644 | Orc:2    | Found Woqaepte's Assorted Antiques.
 12644 | Orc:2    | Found Qokkem's Weapon Shop.
 12644 | Orc:2    | Noticed an ogre mage
 12654 | Orc:2    | Killed an ogre mage
 12658 | Orc:2    | Killed an ogre mage
 12755 | Orc:2    | HP: 3/88 [two-headed ogre/+0 giant club (13)]
 12922 | Orc:2    | Killed an ogre mage
 13085 | Orc:2    | Killed an ogre mage
 13342 | Orc:2    | Reached skill level 10 in Armour
 13402 | Orc:2    | Bought a dented pearl amulet for 155 gold pieces
 13402 | Orc:2    | Bought a scroll labelled QOPU JOSYA for 31 gold pieces
 13402 | Orc:2    | Bought a scroll of identify for 62 gold pieces
 13402 | Orc:2    | Bought a glowing ruby potion for 27 gold pieces
 13662 | Lair:1   | Entered Level 1 of the Lair of Beasts
 13700 | Lair:1   | Reached XP level 14. HP: 97/97 MP: 15/19
 13923 | Lair:1   | Reached skill level 10 in Fighting
 14484 | Lair:1   | You fall into a shaft and drop 1 floor!
 14658 | Lair:2   | Found a staircase to the Shoals.
 14863 | Lair:2   | Found a runed translucent gate.
 14863 | Lair:2   | Found a runed translucent gate.
 14863 | Lair:2   | Found a runed translucent gate.
 14896 | Lair:2   | Noticed quinnr's ghost (journeyman TeCj)
 15285 | Lair:3   | Found a hole to the Spider Nest.
 15412 | Lair:3   | Found a dark tunnel.
 15434 | Lair:3   | Found a transporter.
 15436 | Lair:3   | Noticed olmar's ghost (journeyman AtFi)
 15457 | Volcano  | Entered a volcano
 15834 | Volcano  | Found the +2 cloak of the Thief {*Fog Slay-2 SInv Stlth+}
 15964 | Lair:3   | Found a transporter.
 16423 | Lair:4   | Reached XP level 15. HP: 104/107 MP: 18/20
 16450 | Lair:4   | Reached skill level 10 in Dodging
 17304 | Lair:5   | Entered Level 5 of the Lair of Beasts
 17725 | Lair:5   | Noticed Snorg
 17742 | Lair:5   | Killed Snorg
 17882 | Lair:5   | Found a staircase to the Slime Pits.
 17883 | Lair:5   | Noticed Kirke
 17910 | Lair:5   | Killed Kirke
 18790 | Orc:2    | Bought the ring "Gatzopt" {rN+ Will- rCorr Slay+3 SInv} for
                  | 562 gold pieces
 19046 | D:12     | Noticed Maurice
 19104 | D:12     | Killed Maurice
 19236 | D:12     | Identified the +1 ring mail of Beogh's Wrath {rF+ Dex+2
                  | Stlth+}
 19415 | D:12     | Noticed a frost giant
 19433 | D:12     | Reached XP level 16. HP: 71/116 MP: 12/21
 19441 | D:12     | Killed a frost giant
 19570 | D:12     | Reached ****** piety under Hepliaklqana
 19752 | D:12     | Found the +5 glaive of the Guard {elec, spectral, AC+5}
 19825 | D:12     | Reached skill level 1 in Evocations
 20094 | D:13     | Reached skill level 1 in Polearms
 20183 | D:13     | Noticed Sonja
 20200 | D:13     | Killed Sonja
 20223 | D:13     | Found a gate leading to a gauntlet.
 20235 | Gauntlet | Entered a Gauntlet
 20235 | Gauntlet | Found a transporter.
 20235 | Gauntlet | Found a transporter.
 20282 | Gauntlet | Found a transporter.
 20282 | Gauntlet | Found a transporter.
 20295 | Gauntlet | Found a large runed translucent door.
 20304 | Gauntlet | Found a transporter.
 20314 | Gauntlet | Found a transporter.
 20314 | Gauntlet | Found a transporter.
 20317 | Gauntlet | Found a transporter.
 20340 | Gauntlet | Found a transporter.
 20347 | Gauntlet | Found a transporter.
 20395 | Gauntlet | Found a transporter.
 20404 | Gauntlet | Found a transporter.
 20424 | Gauntlet | Found a transporter.
 20508 | Gauntlet | Found a transporter.
 20518 | Gauntlet | Found a transporter.
 20520 | Gauntlet | Found a large runed translucent door.
 20520 | Gauntlet | Found a large runed translucent door.
 20521 | Gauntlet | Found a large runed translucent door.
 20521 | Gauntlet | Found a large runed translucent door.
 20522 | Gauntlet | Found a runed translucent door.
 20522 | Gauntlet | Found a large runed translucent door.
 20522 | Gauntlet | Found a runed translucent door.
 20522 | Gauntlet | Found a large runed translucent door.
 20522 | Gauntlet | Found a large runed translucent door.
 20523 | Gauntlet | Found a large runed translucent door.
 20523 | Gauntlet | Found a large runed translucent door.
 20526 | Gauntlet | Found a large runed translucent door.
 20526 | Gauntlet | Found a large runed translucent door.
 20528 | Gauntlet | Found a large runed translucent door.
 20528 | Gauntlet | Found a large runed translucent door.
 20528 | Gauntlet | Found a large runed translucent door.
 20530 | Gauntlet | Found a runed translucent gate.
 20530 | Gauntlet | Found a runed translucent gate.
 20530 | Gauntlet | Found a runed translucent gate.
 20532 | Gauntlet | Found a transporter.
 20543 | Gauntlet | Found a large runed translucent door.
 20851 | Gauntlet | Got the Verses on the Tundra
 21336 | D:13     | Found a gate to the Vaults.
 21472 | D:14     | Reached skill level 5 in Polearms
 21753 | D:14     | Found a transporter.
 21803 | D:14     | Found a bloodstained altar of Trog.
 21909 | D:14     | Reached XP level 17. HP: 109/124 MP: 15/22
 21909 | D:14     | Found Etares's Jewellery Boutique.
 22119 | D:15     | Entered Level 15 of the Dungeon
 22130 | D:15     | Reached skill level 5 in Evocations
 22210 | D:15     | Found a staircase to the Depths.
 22857 | Shoals:1 | Entered Level 1 of the Shoals
 22857 | Shoals:1 | Noticed Jorgrun
 22873 | Shoals:1 | Killed Jorgrun
 24057 | Shoals:2 | Found a basalt altar of Yredelemnul.
 24323 | Shoals:2 | Reached skill level 10 in Polearms
 24417 | Shoals:2 | Reached XP level 18. HP: 106/132 MP: 17/23
 25272 | Shoals:3 | Found Colaopp's Specific Store.
 25274 | Shoals:3 | Found Arghypp's General Store.
 25338 | Shoals:3 | Noticed Ilsuiw
 25360 | Shoals:3 | Hit by a silver javelin thrown by a merfolk javelineer

Illustrated notes

Levels and vault maps discovered:
D:1:      sevenhm_arrival_forest_fort_large_3, layout_loops_ring, st_stairs_2
D:2:      layout_loops_ring, uniq_robin, uniq_crazy_yiuf_cottage, uniq_jessica
D:3:      layout_loops_cross, hellmonk_ecumenical_altar_prayer_group,
          kennysheep_generic_room_7
D:4:      layout_basic, overflow_temple_1_default, minmay_temple_entry_grid,
          minmay_door_square, uniq_pikel
D:5:      layout_basic, grunt_ministairs_2
D:6:      layout_basic, nicolae_gozag_cash_rules_everything_around_me
D:7:      layout_basic, eat_drink_and_be_merry_uskayaw,
          minmay_shop_enchanted_jewellery, grunt_decor_clamped, uniq_duvessa
D:8:      layout_cave_pods, kennysheep_mini, makhleb_blood_cavern_becter,
          dk_xom_monty_hall, uniq_amaemon, uniq_maggie, uniq_grum
D:9:      layout_rooms, orc_0_dummy, uniq_prince_ribbit1
D:10:     layout_loops_ring, nicolae_kikubaaqudgha_miasma_corner,
          nicolae_qazlal_scattered_showers, nemelex_diamond_rough_becter,
          minmay_lair_entry_grove, uniq_erica
D:11:     layout_basic, serial_demonic, serial_demonic_g, serial_demonic_b,
          serial_demonic_c, serial_demonic_g, serial_demonic_f, serial_demonic_a
D:12:     minmay_guarded_unrand_guard, layout_small_grid, uniq_maurice
D:13:     layout_basic, david_vaults_4, gauntlet_entry_generic, uniq_sonja
D:14:     emtedronai_trogs_sanctum, layout_basic, serial_shops, shop,
          serial_undead, serial_undead_c, serial_undead_a, serial_undead_e,
          serial_undead_c, bloody_trog
D:15:     grunt_enter_depths_giant_problem, layout_rooms, small_statue_alley_a
Temple:   nicolae_temple_god_jail
Lair:1:   lemuel_ratsnest, layout_chaotic_city, grunt_megastairs_3
Lair:2:   layout_gridlike, elwin_shoals_entry_rocks, gammafunk_ghost_icy,
          grunt_megastairs_5, serial_bayou_shore_a
Lair:3:   layout_roguey, spider_nest_entry_webs, gammafunk_ghost_arena,
          enter_volcano_1
Lair:4:   layout_cave_pods, pdpol_lair_cavern_descent
Lair:5:   minmay_lair_end_enchanted_forest, layout_regular_city,
          nicolae_slime_entry_slimehenge, serial_bayou_shore_b, uniq_snorg,
          uniq_kirke
Shoals:1: layout_shoals, nicolae_shoals_lost_giant_amphitheater, uniq_jorgrun
Shoals:2: nicolae_shoals_deep_elves_summer_vacation, layout_shoals,
          lemuel_altar_in_water, nicolae_shoals_water_booths
Shoals:3: layout_shoals, nicolae_specific_store, nicolae_shoals_kraken_party,
          uniq_ilsuiw
Orc:1:    layout_caves, serial_shops, shop, nicolae_shop_window_shopping, shop,
          nicolae_shop_clearance, uniq_nergalle
Orc:2:    st_orc_ogre_mass, layout_diamond_mine, nicolae_orc_rich_vein

Skill      XL: |  1  2  3  4  5  6  7  8  9 10 11 12 13 14 15 16 17 |
---------------+----------------------------------------------------+-----
Armour         | 1 2 3 4 5 6 7 8 10 12 13 | 13.5
Fighting       | 4 5 6 7 9 11 12 13 14 | 14.8
Invocations    | 1 3 4 5 7 |  7.0
Staves         | 6 10 14 16 | 16.0
Dodging        | 4 7 9 11 12 13 | 13.9
Evocations     | 4 5 |  5.0
Polearms       | 6 10 | 10.7
Axes           | |  3.0

Action                     |  1- 3 |  4- 6 |  7- 9 | 10-12 | 13-15 | 16-18 || total
---------------------------+-------+-------+-------+-------+-------+-------++-------
  Melee: Hand axe          |    64 |   240 |    47 |       |       |       ||   351
         Whip              |       |       |    80 |       |       |       ||    80
         Quarterstaff      |       |       |    65 |   362 |   820 |    42 ||  1289
         Unarmed           |       |       |       |       |     5 |       ||     5
         Glaive            |       |       |       |       |       |   380 ||   380
  Throw: Dart              |       |       |     3 |    19 |    20 |    11 ||    53
 Invoke: Ancestor Life: Ba |       |       |     1 |       |       |       ||     1
         Recall Ancestor   |       |       |     1 |       |     2 |       ||     3
         Idealise          |       |       |       |     2 |     3 |     1 ||     6
         Transference      |       |       |       |       |     1 |     1 ||     2
  Evoke: Wand              |       |       |       |       |     1 |     4 ||     5
    Use: Potion            |       |     3 |     1 |     4 |     1 |     4 ||    13
         Scroll            |       |     8 |     6 |     8 |     7 |     8 ||    37
   Stab: Distracted        |       |       |     2 |     8 |    10 |    13 ||    33
         Sleeping          |       |       |       |       |     1 |       ||     1
         Petrified         |       |       |       |       |       |     4 ||     4
         Invisible         |       |       |       |       |       |     3 ||     3
 Armour: Chain mail        |    30 |   159 |    85 |   142 |     6 |       ||   422
         Robe              |     1 |       |       |       |       |       ||     1
         Skin              |       |       |       |     8 |       |       ||     8
         Ring mail         |       |       |       |       |   147 |   199 ||   346
  Dodge: Dodged            |    21 |   131 |   142 |   260 |   633 |   375 ||  1562

Table legend: (Time is in decaauts)
 A = Elapsed time spent in this place.
 B = Non-inter-level travel time spent in this place.
 C = Inter-level travel time spent in this place.
 D = Time resting spent in this place.
 E = Time spent auto-exploring this place.
 F = Levels seen in this place.
 G = Mean time per level.
                   A        B        C        D        E       F      G
               +--------+--------+--------+--------+--------+-----+--------+
         Total |  25099 |  23358 |   1741 |   1813 |  16860 |  28 |  896.4 |
       Dungeon |  14920 |  13855 |   1065 |   1157 |  10273 |  15 |  994.7 |
        Temple |     61 |     43 |     18 |      0 |     22 |   1 |   61.0 |
          Lair |   4619 |   4344 |    275 |    170 |   3309 |   5 |  923.8 |
        Shoals |   2038 |   1894 |    144 |      3 |   1543 |   3 |  679.3 |
  Orcish Mines |   2318 |   2080 |    238 |    378 |   1203 |   2 | 1159.0 |
       Volcano |    459 |    459 |      0 |     73 |    162 |   1 |  459.0 |
      Gauntlet |    681 |    681 |      0 |     32 |    347 |   1 |  681.0 |
               +--------+--------+--------+--------+--------+-----+--------+

Top non-repeatable levels by time:
   Orc:2: 1457 daAuts
     D:8: 1405 daAuts
    D:10: 1328 daAuts
     D:2: 1315 daAuts
  Lair:5: 1199 daAuts
     D:1: 1151 daAuts
    D:12: 1094 daAuts
Shoals:1: 1076 daAuts
  Lair:2: 1074 daAuts
     D:3: 1047 daAuts
  Lair:4: 993 daAuts
     D:7: 961 daAuts
    D:11: 937 daAuts
     D:6: 932 daAuts
     D:4: 923 daAuts
